 Dungeon Crawl Stone Soup version 0.28-a0-512-g960c72b710 (console) character file.

Game seed: 7875569554775528078

11 1020 the Grave Robber (level 2, -2/19 HPs)
             Began as a Demonspawn Necromancer on Sept 22, 2021.
             Slain by a kobold (3 damage)
             ... on level 1 of the Dungeon.
             The game lasted 00:03:26 (1151 turns).

1020 the Grave Robber (Demonspawn Necromancer)      Turns: 1151, Time: 00:03:27

Health: -2/19      AC:  2    Str:  8    XL:     2   Next: 13%
Magic:  2/5        EV: 12    Int: 16    God:
Gold:   31         SH:  0    Dex: 13    Spells: 3/5 levels left

rFire   . . .      SeeInvis .   (no weapon)
rCold   . . .      Faith    .   (no shield)
rNeg    . . .      Spirit   .   a - +0 robe
rPois   .          Reflect  .   (helmet restricted)
rElec   .          Harm     .   (no cloak)
rCorr   .          Rampage  .   (no gloves)
Will    .....                   (no boots)
Stlth   ++........              (no amulet)
HPRegen 0.06/turn               (no ring)
MPRegen 0.09/turn               (no ring)

@: no status effects
A: antennae 1
a: no special abilities


You were on level 1 of the Dungeon.
You visited 1 branch of the dungeon, and saw 1 of its levels.

You collected 31 gold pieces.

Inventory:

Armour
 a - a +0 robe (worn)
Scrolls
 b - 2 scrolls of amnesia {unknown}


   Skills:
 + Level 2.1 Dodging
 + Level 1.7 Stealth
 + Level 0.2 Unarmed Combat
 + Level 2.2 Spellcasting
 + Level 4.5 Necromancy


You had 3 spell levels left.
You knew the following spells:

 Your Spells              Type           Power      Damage    Failure   Level
a - Pain                  Necr           64%        1d7       3%          1
b - Animate Skeleton      Necr           32%        N/A       3%          1

Your spell library contained the following spells:

 Spells                   Type           Power      Damage    Failure   Level
 Vampiric Draining        Necr           8%         2d7       10%         3
 Animate Dead             Necr           8%         N/A       30%         4
 Agony                    Necr           16%        N/A       65%         5


Dungeon Overview and Level Annotations

Branches:
Dungeon (1/15)

Altars:
Okawaru


Innate Abilities, Weirdness & Mutations

You have a pair of small antennae on your head.


Message History

Casting: Animate Skeleton (safe; 3% risk of failure)
Confirm with . or Enter, or press ? or * to list all spells.
You can't see any susceptible monsters within range! (Use Z to cast anyway.)
A goblin comes into view. It is wielding a +0 club.
The goblin shouts!
A giant cockroach comes into view.
Found an amethyst potion.
A kobold comes into view.
It is wielding a +1 dagger of electrocution.
Your ball python skeleton crumbles into dust!
The bat hits you but does no damage. The bat closely misses you.
The giant cockroach barely misses you. The bat closely misses you.
Casting: Animate Skeleton (safe; 3% risk of failure)
Confirm with . or Enter, or press ? or * to list all spells.
Aiming: Pain (safe; 3% risk of failure)
Press: ? - help, Shift-Dir - straight line, f - giant cockroach
Aim: a giant cockroach (chance to affect: 87%)
The giant cockroach writhes in agony.
The bat hits you.
* * * LOW HITPOINT WARNING * * *
The giant cockroach misses you.
Casting: Pain (safe; 3% risk of failure)
Confirm with . or Enter, or press ? or * to list all spells.
Aiming: Pain (safe; 3% risk of failure)
Press: ? - help, Shift-Dir - straight line, f/p - giant cockroach
Aim: a giant cockroach (moderately wounded, chance to affect: 87%)
The giant cockroach writhes in agony.
You kill the giant cockroach!
The bat closely misses you.
Casting: Pain (safe; 3% risk of failure)
Confirm with . or Enter, or press ? or * to list all spells.
There is nothing nearby to animate!
Unknown command.
Casting: Animate Skeleton (safe; 3% risk of failure)
Confirm with . or Enter, or press ? or * to list all spells.
Aiming: Pain (safe; 3% risk of failure)
Press: ? - help, Shift-Dir - straight line, f - bat
Aim: a bat (chance to affect: 87%)
The bat writhes in agony.
The bat closely misses you. x2
The kobold hits you with a +1 dagger of electrocution.
You die...

.... .#.#..# ####
#.....# .. #.##..# #..
###.#..# ### ..##.(.##
#.!#.#..### ####
#..#####.##.##...###...
#.^..b@Kg...#........##
#......#..........####
#.....†......######
#......####### #....>.#
#......# #......#
########


You could see a goblin, a bat and a kobold.

Vanquished Creatures
  A gnoll (D:1)
  A bat (D:1)
  An endoplasm (D:1)
  A giant cockroach (D:1)
  A quokka (D:1)
  A ball python (D:1)
  A frilled lizard (D:1)
7 creatures vanquished.

Vanquished Creatures (collateral kills)
  A dart slug (D:1)
  A kobold (D:1)
  A rat (D:1)
3 creatures vanquished.

Vanquished Creatures (others)
  8 plants (D:1)
  3 withered plants (D:1)
11 creatures vanquished.

Grand Total: 21 creatures vanquished

Notes
Turn   | Place    | Note
-------+----------+-------------------------------------------
     0 | D:1      | 1020 the Demonspawn Necromancer began the quest for the
                  | Orb.
     0 | D:1      | Reached XP level 1. HP: 13/13 MP: 3/3
   497 | D:1      | Learned a level 1 spell: Animate Skeleton
   545 | D:1      | Found a faded altar of an unknown god.
   566 | D:1      | Became a worshipper of Warmaster Okawaru
   566 | D:1      | Reached * piety under Okawaru
   567 | D:1      | Fell from the grace of Okawaru
  1142 | D:1      | Gained mutation: You have a pair of small antennae on your
                  | head. [demonic ancestry]
  1142 | D:1      | Reached XP level 2. HP: 3/19 MP: 5/5
  1151 | D:1      | Slain by a kobold

Illustrated notes

Levels and vault maps discovered:
D:1:      lightli_arrival_statuegarden, layout_rooms,
          ebering_ecumenical_altar_petrified, minmay_octomino_e4

Skill      XL: |  1 |
---------------+----+-----
Dodging        | 2 |  2.1
Stealth        | |  1.7
Unarmed Combat | |  0.2
Spellcasting   | |  2.2
Necromancy     | |  4.5

Action                   || total
-------------------------++-------
Melee: Unarmed           ||    78
 Cast: Pain              ||     9
       Animate Skeleton  ||     4
Invok: Renounce Religion ||     1
Armor: Robe              ||    15
Dodge: Dodged            ||    44

Table legend: (Time is in decaauts)
 A = Elapsed time spent in this place.
 B = Non-inter-level travel time spent in this place.
 C = Inter-level travel time spent in this place.
 D = Time resting spent in this place.
 E = Time spent auto-exploring this place.
 F = Levels seen in this place.
 G = Mean time per level.
                   A        B        C        D        E       F      G
               +--------+--------+--------+--------+--------+-----+--------+
         Total |   1162 |   1162 |      0 |    646 |    210 |   1 | 1162.0 |
       Dungeon |   1162 |   1162 |      0 |    646 |    210 |   1 | 1162.0 |
               +--------+--------+--------+--------+--------+-----+--------+

Top non-repeatable levels by time:
     D:1: 1162 daAuts
